SNL (28 & UNDER)
BLACKIRON DRAGONS @ SANTA FE DIABLOS
09/01/2025
 
TOP OF THE 1ST
BlackIron Dragons batting - Pitching for Santa Fe Diablos : LHP Albert Alonzo
Pitching: LHP Albert Alonzo
Batting: RHB Jesús Cruz 0-0: Foul Ball, location: 2F
0-1: Fly out, F8 (Flyball, 8LD)
Batting: RHB Boyd Pittman 0-0: Called Strike
0-1: Called Strike
0-2: Strikes out looking
Batting: LHB Culley Vaughan 0-0: Ball
1-0: Called Strike
1-1: Swinging Strike
1-2: Ball
2-2: Strikes out swinging
Top of the 1st over - 0 run(s), 0 hit(s), 0 error(s), 0 left on base; BlackIron 0 - Santa Fe 0
BOTTOM OF THE 1ST
Santa Fe Diablos batting - Pitching for BlackIron Dragons : RHP Víctor Ventura
Pitching: RHP Víctor Ventura
Batting: LHB Don Soper 0-0: Called Strike
0-1: Called Strike
0-2: Strikes out swinging
Batting: LHB David Hernández 0-0: Foul Ball, location: 2F
0-1: Ball
1-1: Called Strike
1-2: Fly out, F2 (Popup, 2LF)
Batting: RHB John Riley 0-0: Ball
1-0: Called Strike
1-1: Ball
2-1: Ground out 6-3 (Groundball, 6)
Bottom of the 1st over - 0 run(s), 0 hit(s), 0 error(s), 0 left on base; BlackIron 0 - Santa Fe 0
TOP OF THE 2ND
BlackIron Dragons batting - Pitching for Santa Fe Diablos : LHP Albert Alonzo
Batting: LHB Manuel Cardenas 0-0: Ball
1-0: Foul Ball, location: 2F
1-1: Ball
2-1: Ball
3-1: Base on Balls
Batting: LHB Chris Waggoner 0-0: Called Strike
0-1: Swinging Strike
0-2: Ball
1-2: Foul Ball, location: 2F
1-2: Ball
2-2: Ball
3-2: Fly out, F7 (Flyball, 78M)
3-2: Fly out, F7 (Flyball, 78M)
Batting: RHB Frank Maxwell 0-0: Ball
1-0: Ball
2-0: Called Strike
2-1: Called Strike
2-2: Foul Ball, location: 2F
2-2: Foul Ball, location: 2F
2-2: DOUBLE (Groundball, 5L)
Manuel Cardenas to third
Batting: RHB Mark Arnold 0-0: Foul Ball, location: 2F
0-1: Swinging Strike
0-2: Ball
1-2: Foul Ball, location: 2F
1-2: Hit by Pitch
Batting: RHB Preston MacLyan 0-0: Ball
1-0: Ball
2-0: Foul Ball, location: 2F
2-1: Ball
3-1: DOUBLE (Groundball, 3D)
Manuel Cardenas scores
Frank Maxwell scores
Mark Arnold to third
Batting: RHB Doug O'Brien 0-0: Called Strike
0-1: Ball
1-1: Swinging Strike
1-2: Ball
2-2: Ball
3-2: Foul Ball, location: 2F
3-2: Foul Ball, location: 2F
3-2: Base on Balls
Batting: RHB Jesús Cruz 0-0: Ball
1-0: Called Strike
1-1: Foul Ball, location: 2F
1-2: Ball
2-2: Foul Ball, location: 2F
2-2: Foul Ball, location: 2F
2-2: Ball
3-2: Strikes out looking
Batting: RHB Boyd Pittman 0-0: Ball
Wild Pitch!
Mark Arnold scores
Preston MacLyan to third
Doug O'Brien to second
1-0: Called Strike
1-1: DOUBLE (Flyball, 8RD)
Preston MacLyan scores
Doug O'Brien scores
Pinch Runner at 2nd Eugene Payne:
Batting: LHB Culley Vaughan 0-0: Fly out, F8 (Line Drive, 8LM)
Top of the 2nd over - 5 run(s), 3 hit(s), 0 error(s), 1 left on base; BlackIron 5 - Santa Fe 0
BOTTOM OF THE 2ND
Santa Fe Diablos batting - Pitching for BlackIron Dragons : RHP Víctor Ventura
Now at SS: Eugene Payne
Batting: RHB Lee Price 0-0: Called Strike
0-1: Ball
1-1: Foul Ball, location: 2F
1-2: Foul Ball, location: 2F
1-2: Foul Ball, location: 2F
1-2: Ball
2-2: Ball
3-2: Strikes out swinging
Batting: LHB Gary Kern 0-0: Hit by Pitch
Batting: RHB John Dinkins 0-0: Fielders Choice at 2nd, 1-6 (Groundball, 23)
Batting: SHB Pancho Vásquez 0-0: Ball
1-0: Ball
2-0: Ball
3-0: Called Strike
3-1: Base on Balls
John Dinkins to second
Batting: RHB Ánibal Gonzáles 0-0: Ball
1-0: SINGLE (Groundball, 6MD)
John Dinkins to third
Pancho Vásquez to second
Runner from 3rd tries for Home, SAFE, no throw or cutoff
Batting: RHB Michael Anderson 0-0: Called Strike
0-1: Ball
1-1: Swinging Strike
1-2: Strikes out looking
Bottom of the 2nd over - 1 run(s), 1 hit(s), 0 error(s), 2 left on base; BlackIron 5 - Santa Fe 1
TOP OF THE 3RD
BlackIron Dragons batting - Pitching for Santa Fe Diablos : LHP Albert Alonzo
Batting: LHB Manuel Cardenas 0-0: Ball
1-0: Foul Ball, location: 2F
1-1: Swinging Strike
1-2: Strikes out swinging, 2-3 out at first.
Batting: LHB Chris Waggoner 0-0: Called Strike
0-1: Ball
1-1: SINGLE (Groundball, 4M)
Batting: RHB Frank Maxwell 0-0: Foul Ball, location: 2F
0-1: Foul Ball, location: 2F
0-2: Reached on error, E1 (Groundball, 13)
Chris Waggoner to second
Batting: RHB Mark Arnold 0-0: Ball
Wild Pitch!
Chris Waggoner to third
Frank Maxwell to second
1-0: Swinging Strike
1-1: Ball
2-1: Foul Ball, location: 2F
2-2: Ball
3-2: Foul Ball, location: 2F
3-2: Base on Balls
Batting: RHB Preston MacLyan 0-0: Ground out 5-3 (Groundball, 56S)
Chris Waggoner scores
Frank Maxwell to third
Mark Arnold to second
Batting: RHB Doug O'Brien 0-0: Ball
1-0: Called Strike
1-1: Ball
2-1: Ball
3-1: Called Strike
3-2: Base on Balls
Batting: RHB Jesús Cruz 0-0: Foul Ball, location: 2F
0-1: Ball
1-1: Ball
2-1: Ball
3-1: Base on Balls
Frank Maxwell scores
Mark Arnold to third
Doug O'Brien to second
Batting: RHB Eugene Payne 0-0: Ball
1-0: Ball
2-0: Ball
3-0: Base on Balls
Mark Arnold scores
Doug O'Brien to third
Jesús Cruz to second
Batting: LHB Culley Vaughan 0-0: Called Strike
0-1: Foul Ball, location: 2F
0-2: Foul Ball, location: 2F
0-2: SINGLE (Line Drive, 78M)
Doug O'Brien scores
Jesús Cruz to third
Eugene Payne to second
Runner from 3rd tries for Home, throw and OUT!
Top of the 3rd over - 4 run(s), 2 hit(s), 1 error(s), 2 left on base; BlackIron 9 - Santa Fe 1
BOTTOM OF THE 3RD
Santa Fe Diablos batting - Pitching for BlackIron Dragons : RHP Víctor Ventura
Batting: LHB Don Soper 0-0: Called Strike
0-1: Foul Ball, location: 2F
0-2: Foul Ball, location: 2F
0-2: Ball
1-2: Strikes out swinging
Batting: LHB David Hernández 0-0: Ground out 4-3 (Groundball, 34)
Batting: RHB John Riley 0-0: Called Strike
0-1: Called Strike
0-2: Ball
1-2: Ball
2-2: Fly out, F8 (Flyball, 8LM)
Bottom of the 3rd over - 0 run(s), 0 hit(s), 0 error(s), 0 left on base; BlackIron 9 - Santa Fe 1
TOP OF THE 4TH
BlackIron Dragons batting - Pitching for Santa Fe Diablos : LHP Albert Alonzo
Pitching: LHP Columbo Briatori
Batting: LHB Manuel Cardenas 0-0: Called Strike
0-1: SINGLE (Groundball, 5D)
Batting: LHB Chris Waggoner 0-0: Ball
1-0: Swinging Strike
1-1: Ball
2-1: Foul Ball, location: 2F
2-2: Ball
3-2: Foul Ball, location: 2F
3-2: Base on Balls
Manuel Cardenas to second
Batting: RHB Frank Maxwell 0-0: Ball
1-0: Called Strike
1-1: Foul Ball, location: 2F
1-2: Ball
2-2: Foul Ball, location: 2F
2-2: Ball
3-2: Base on Balls
Manuel Cardenas to third
Chris Waggoner to second
Batting: RHB Mark Arnold 0-0: Swinging Strike
0-1: Ball
1-1: Ball
2-1: Foul Ball, location: 2F
2-2: Ball
3-2: Base on Balls
Manuel Cardenas scores
Chris Waggoner to third
Frank Maxwell to second
Batting: RHB Preston MacLyan 0-0: Grounds into fielders choice 1-2 (Groundball, 13S)
Frank Maxwell to third
Mark Arnold to second
Batting: RHB Doug O'Brien 0-0: Ball
1-0: Swinging Strike
1-1: Ball
2-1: Swinging Strike
2-2: Strikes out swinging
Batting: RHB Jesús Cruz 0-0: Called Strike
0-1: Called Strike
0-2: Strikes out looking
Top of the 4th over - 1 run(s), 1 hit(s), 0 error(s), 3 left on base; BlackIron 10 - Santa Fe 1
BOTTOM OF THE 4TH
Santa Fe Diablos batting - Pitching for BlackIron Dragons : RHP Víctor Ventura
Batting: RHB Lee Price 0-0: Ball
1-0: Fly out, F6 (Popup, 78S)
Batting: LHB Gary Kern 0-0: Ball
1-0: Swinging Strike
1-1: Foul Ball, location: 2F
1-2: Ball
2-2: Fly out, F8 (Flyball, 8RM)
Batting: RHB John Dinkins 0-0: SINGLE (Line Drive, 56D)
Batting: SHB Pancho Vásquez 0-0: Fly out, F8 (Flyball, 8LM)
Bottom of the 4th over - 0 run(s), 1 hit(s), 0 error(s), 1 left on base; BlackIron 10 - Santa Fe 1
TOP OF THE 5TH
BlackIron Dragons batting - Pitching for Santa Fe Diablos : LHP Columbo Briatori
Batting: RHB Eugene Payne 0-0: Called Strike
0-1: Foul Ball, location: 2F
0-2: Foul Ball, location: 2F
0-2: Foul Ball, location: 2F
0-2: Ball
1-2: Strikes out swinging
Batting: LHB Culley Vaughan 0-0: Called Strike
0-1: Ball
1-1: Ball
2-1: Swinging Strike
2-2: Strikes out swinging
Batting: LHB Manuel Cardenas 0-0: Ball
1-0: SINGLE (Line Drive, 6D)
Batting: LHB Chris Waggoner 0-0: Called Strike
0-1: Ball
1-1: Swinging Strike
1-2: Ground out U3 (Groundball, 3)
Top of the 5th over - 0 run(s), 1 hit(s), 0 error(s), 1 left on base; BlackIron 10 - Santa Fe 1
BOTTOM OF THE 5TH
Santa Fe Diablos batting - Pitching for BlackIron Dragons : RHP Víctor Ventura
Batting: RHB Ánibal Gonzáles 0-0: Ball
1-0: Ground out 6-3 (Groundball, 6S)
Batting: RHB Michael Anderson 0-0: Foul Ball, location: 2F
0-1: Ground out U3 (Groundball, 3S)
Batting: LHB Don Soper 0-0: Called Strike
0-1: Called Strike
0-2: Foul Ball, location: 2F
0-2: Ball
1-2: Ball
2-2: Foul Ball, location: 2F
2-2: Strikes out swinging
Bottom of the 5th over - 0 run(s), 0 hit(s), 0 error(s), 0 left on base; BlackIron 10 - Santa Fe 1
TOP OF THE 6TH
BlackIron Dragons batting - Pitching for Santa Fe Diablos : LHP Columbo Briatori
Batting: RHB Frank Maxwell 0-0: Ball
1-0: Ball
2-0: Ball
3-0: Base on Balls
Pitching: RHP Tomás Rodríguez
Batting: RHB Mark Arnold 0-0: Ball
1-0: Called Strike
1-1: Swinging Strike
1-2: Strikes out swinging
Batting: RHB Preston MacLyan 0-0: Called Strike
0-1: Foul Ball, location: 2F
0-2: Ball
1-2: Foul Ball, location: 2F
1-2: Ball
2-2: Ball
3-2: Base on Balls
Frank Maxwell to second
Batting: RHB Doug O'Brien 0-0: Called Strike
0-1: Fly out, F8 (Flyball, 8RS)
Batting: RHB Jesús Cruz 0-0: Fielders Choice at 2nd, U6 (Groundball, 6M)
Top of the 6th over - 0 run(s), 0 hit(s), 0 error(s), 2 left on base; BlackIron 10 - Santa Fe 1
BOTTOM OF THE 6TH
Santa Fe Diablos batting - Pitching for BlackIron Dragons : RHP Víctor Ventura
Batting: LHB David Hernández 0-0: Ball
1-0: Ball
2-0: Foul Ball, location: 2F
2-1: Ball
3-1: Base on Balls
Batting: RHB John Riley 0-0: Ball
Wild Pitch!
David Hernández to second
1-0: Foul Ball, location: 2F
1-1: Called Strike
1-2: Strikes out swinging
Batting: RHB Lee Price 0-0: Foul Ball, location: 2F
0-1: Swinging Strike
0-2: Ball
1-2: Ball
2-2: Foul Ball, location: 2F
2-2: Strikes out swinging
Batting: LHB Gary Kern 0-0: Foul Ball, location: 2F
0-1: Ball
1-1: Foul Ball, location: 2F
1-2: Strikes out looking
Bottom of the 6th over - 0 run(s), 0 hit(s), 0 error(s), 1 left on base; BlackIron 10 - Santa Fe 1
TOP OF THE 7TH
BlackIron Dragons batting - Pitching for Santa Fe Diablos : RHP Tomás Rodríguez
Batting: RHB Eugene Payne 0-0: Ball
1-0: Ball
2-0: Called Strike
2-1: Foul Ball, location: 2F
2-2: SINGLE (Groundball, 3D) (infield hit)
Batting: LHB Culley Vaughan 0-0: Called Strike
0-1: Foul Ball, location: 2F
0-2: Foul Ball, location: 2F
0-2: Strikes out swinging
Batting: LHB Manuel Cardenas 0-0: Called Strike
Eugene Payne steals 2nd base
0-1: Foul Ball, location: 2F
0-2: Foul Ball, location: 2F
0-2: Ball
1-2: SINGLE (Groundball, 4MD)
Eugene Payne to third
Runner from 3rd tries for Home, SAFE, no throw or cutoff
Batting: LHB Chris Waggoner 0-0: Called Strike
0-1: DOUBLE (Groundball, 3L)
Manuel Cardenas to third
Runner from 3rd tries for Home, SAFE, throw made at trailing runner, SAFE at third!
Batting: RHB Frank Maxwell 0-0: Called Strike
0-1: Called Strike
0-2: Ball
1-2: Ball
2-2: Foul Ball, location: 2F
2-2: Strikes out swinging
Batting: RHB Mark Arnold 0-0: Foul Ball, location: 2F
0-1: Foul Ball, location: 2F
0-2: Ball
1-2: Strikes out looking
Top of the 7th over - 2 run(s), 3 hit(s), 0 error(s), 1 left on base; BlackIron 12 - Santa Fe 1
BOTTOM OF THE 7TH
Santa Fe Diablos batting - Pitching for BlackIron Dragons : RHP Víctor Ventura
Batting: RHB John Dinkins 0-0: Called Strike
0-1: Called Strike
0-2: Fly out, F4 (Popup, 13)
Batting: SHB Pancho Vásquez 0-0: Called Strike
0-1: Fly out, F7 (Flyball, 7LMF)
Batting: RHB Ánibal Gonzáles 0-0: Ball
1-0: Called Strike
1-1: Foul Ball, location: 2F
1-2: Ball
2-2: Foul Ball, location: 2F
2-2: Ball
3-2: Foul Ball, location: 2F
3-2: Fly out, F8 (Flyball, 8LXD)
Bottom of the 7th over - 0 run(s), 0 hit(s), 0 error(s), 0 left on base; BlackIron 12 - Santa Fe 1
TOP OF THE 8TH
BlackIron Dragons batting - Pitching for Santa Fe Diablos : RHP Tomás Rodríguez
Pitching: RHP Raúl Gómez
Batting: RHB Preston MacLyan 0-0: SOLO HOME RUN (Flyball, 7D), Distance : 340 ft
Batting: RHB Doug O'Brien 0-0: Foul Ball, location: 2F
0-1: Called Strike
0-2: Strikes out looking
Batting: RHB Jesús Cruz 0-0: Ball
1-0: Ball
2-0: Ball
3-0: Swinging Strike
3-1: Base on Balls
Batting: RHB Eugene Payne 0-0: Called Strike
0-1: Ball
1-1: Ball
2-1: Swinging Strike
2-2: Strikes out swinging
Batting: LHB Culley Vaughan 0-0: Called Strike
0-1: Ball
1-1: Called Strike
1-2: Ball
Jesús Cruz steals 2nd base
2-2: Ball
3-2: Ground out 4-3 (Groundball, 4)
Top of the 8th over - 1 run(s), 1 hit(s), 0 error(s), 1 left on base; BlackIron 13 - Santa Fe 1
BOTTOM OF THE 8TH
Santa Fe Diablos batting - Pitching for BlackIron Dragons : RHP Víctor Ventura
Pitching: LHP Roberto Ontiveros
Batting: RHB Michael Anderson 0-0: Foul Ball, location: 2F
0-1: Foul Ball, location: 2F
0-2: Ball
1-2: Ball
2-2: DOUBLE (Groundball, 5L)
Batting: LHB Don Soper 0-0: Ball
1-0: Called Strike
1-1: Ball
2-1: Ball
3-1: Called Strike
3-2: Fly out, F9 (Flyball, 89D)
Runner from 2nd tags up, SAFE at 3rd, no throw
Batting: LHB David Hernández 0-0: Called Strike
0-1: Fly out, F1 (Popup, 13S)
Batting: RHB John Riley 0-0: Ground out 6-3 (Groundball, 6)
Bottom of the 8th over - 0 run(s), 1 hit(s), 0 error(s), 1 left on base; BlackIron 13 - Santa Fe 1
TOP OF THE 9TH
BlackIron Dragons batting - Pitching for Santa Fe Diablos : RHP Raúl Gómez
Batting: LHB Manuel Cardenas 0-0: Ball
1-0: Called Strike
1-1: Swinging Strike
1-2: Ball
2-2: Ball
3-2: Foul Ball, location: 2F
3-2: Base on Balls
Batting: LHB Chris Waggoner 0-0: Ball
1-0: Called Strike
1-1: Swinging Strike
1-2: Ball
2-2: Fly out, F9 (Line Drive, 89M)
Batting: RHB Frank Maxwell 0-0: Called Strike
0-1: Swinging Strike
0-2: Ball
1-2: Strikes out swinging
Batting: RHB Mark Arnold 0-0: Ball
1-0: Foul Ball, location: 2F
1-1: Swinging Strike
1-2: Foul Ball, location: 2F
1-2: Ball
2-2: Ground out 3-1 (Groundball, 34)
Top of the 9th over - 0 run(s), 0 hit(s), 0 error(s), 1 left on base; BlackIron 13 - Santa Fe 1
BOTTOM OF THE 9TH
Santa Fe Diablos batting - Pitching for BlackIron Dragons : LHP Roberto Ontiveros
Batting: RHB Lee Price 0-0: Reached on error, E5 (Groundball, 56)
Batting: LHB Gary Kern 0-0: SINGLE (Line Drive, 78S)
Lee Price to second
Batting: RHB John Dinkins 0-0: Ball
1-0: Ball
2-0: Called Strike
2-1: Fly out, F7 (Flyball, 7S)
Batting: SHB Pancho Vásquez 0-0: Fly out, F9 (Flyball, 89M)
Batting: RHB Ánibal Gonzáles 0-0: Swinging Strike
0-1: Foul Ball, location: 2F
0-2: Foul Ball, location: 2F
0-2: Ball
1-2: Strikes out swinging
Bottom of the 9th over - 0 run(s), 1 hit(s), 1 error(s), 2 left on base; BlackIron 13 - Santa Fe 1
This league is powered by Out of the Park Baseball, the baseball management simulation game for PC, Mac and Linux
Tuesday, August 2nd, 2016 - OOTP Baseball 16.8 Build 38